 Dungeon Crawl Stone Soup version 0.30-a0-626-gd6a5dd7a1f (webtiles) character file.

Game seed: 6854912658616671141

5374 wormed the Cleaver (level 10, -7/90 HPs)
             Began as a Minotaur Berserker on Jan 11, 2023.
             Was an Elder of Trog.
             Killed from afar by an acid dragon (23 damage)
             ... with a splash of acid
             ... on level 9 of the Dungeon.
             The game lasted 00:10:07 (8700 turns).

wormed the Cleaver (Minotaur Berserker)             Turns: 8700, Time: 00:10:07

Health: -7/90      AC: 17    Str: 25    XL:     10   Next: 39%
Magic:  9/9        EV: 24    Int:  4    God:    Trog [****..]
Gold:   464        SH:  5    Dex: 11    Spells: 9/9 levels left

rFire   . . .      SeeInvis .    a - +1 hand axe
rCold   . . .      Faith    .    b - +0 buckler
rNeg    . . .      Spirit   .    w - +0 plate armour
rPois   .          Reflect  .    (helmet restricted)
rElec   .          Harm     .    c - +1 cloak
rCorr   .          Rampage  .    (no gloves)
Will    .....                    f - +0 pair of boots Stlth
                                 d - amulet of the acrobat
HPRegen 0.35/turn                (no ring)
MPRegen 0.11/turn                (no ring)

@: on berserk cooldown, acrobatic, slowed, very slow
A: horns 2, retaliatory headbutt
a: Renounce Religion, Berserk, Trog's Hand, Brothers in Arms


You were on level 9 of the Dungeon.
You worshipped Trog.
Trog was greatly pleased with you.
You visited 1 branch of the dungeon, and saw 9 of its levels.

You collected 576 gold pieces.
You spent 112 gold pieces at shops.

Inventory:

Hand Weapons
 a - a +1 hand axe (weapon)
Missiles
 i - 2 javelins
 k - a throwing net (quivered)
 n - 5 poisoned darts
 r - 3 curare-tipped darts
Armour
 b - a +0 buckler (worn)
 c - a +1 cloak (worn)
 f - a +0 pair of boots (worn)
 w - a +0 plate armour (worn)
Jewellery
 d - an amulet of the acrobat (around neck)
 B - a ring of positive energy
Wands
 h - a wand of flame (53)
 u - a wand of digging (5)
 y - a wand of roots (10)
Scrolls
 g - 5 scrolls of vulnerability
 l - 3 scrolls of blinking
 p - a scroll of fear
 q - a scroll of butterflies
 t - a scroll of enchant armour
 v - 2 scrolls of teleportation
Potions
 e - 3 potions of curing
 m - a potion of cancellation
 o - 4 potions of flight
 s - 2 potions of attraction
 x - 2 potions of haste {unknown}
 z - a potion of mutation {unknown}
 A - a potion of might {unknown}


   Skills:
 + Level 8.6 Fighting
 * Level 11.5 Axes
 + Level 8.1 Armour
 + Level 7.4 Dodging
 + Level 6.4 Shields


You had 9 spell levels left.
You didn't know any spells.
Your spell library was empty.

Dungeon Overview and Level Annotations

Branches:
Dungeon (9/15)             Temple (0/1) D:4
   Lair: D:8-11         Orc: D:9-12

Altars:
Ashenzari
Cheibriados
Gozag
Hepliaklqana
Nemelex Xobeh
Okawaru
Xom

Shops:
D:4 [


Innate Abilities, Weirdness & Mutations

You have a pair of horns on your head.
You reflexively headbutt those who attack you in melee.


Message History

You barely miss the kobold brigand.
You headbutt the kobold brigand, but do no damage.
The kobold brigand is lightly wounded.
You block the gnoll sergeant's attack.
The kobold brigand hits you but does no damage.
You hit the kobold brigand but do no damage.
The kobold brigand is lightly wounded.
The gnoll sergeant hits you but does no damage.
The kobold brigand hits you with a +0 dagger.
* * * LOW HITPOINT WARNING * * *
A centaur warrior comes into view.
The gnoll sergeant barely misses you.
The kobold brigand hits you but does no damage.
The centaur warrior shouts!
You hit the kobold brigand.
The kobold brigand is moderately wounded.
You hear a shout!
The gnoll sergeant closely misses you. The kobold brigand closely misses you.
You barely miss the kobold brigand.
The kobold brigand is moderately wounded.
The gnoll sergeant hits you from afar with a +0 trident!
* * * LOW HITPOINT WARNING * * *
You block the kobold brigand's attack.
You slash the kobold brigand!
Your headbutt misses the kobold brigand.
The kobold brigand is severely wounded.
The gnoll sergeant hits you but does no damage.
The kobold brigand misses you.
You slash the kobold brigand!
You kill the kobold brigand!
Trog accepts your kill.
The centaur warrior wields a +0 shortbow.
The centaur warrior shoots an arrow.
The arrow misses you.
The centaur warrior unwields a +0 shortbow.
The centaur warrior hits you.
* * * LOW HITPOINT WARNING * * *
The centaur warrior kicks you but does no damage.
The acid dragon spits acid at you. The splash of acid hits you!!
You die...

##.# ..... ##### ....
######.....
...########
#.o........ #..#.....#
#........!.
#....###.###o.......##
#>....<..#Dog.........
#......#.@c####..####.
#.##.#.#.### ..#
#.##.###.# .... #.##.#
..#


yyYY# # #.##.#.### .SooKD #.#....#. .o.Yg.# #.#.####.# ??.o... #........#
.####...##### You could see a centaur warrior, an acid dragon (catching breath),
a gnoll sergeant and 2 orcs.

Vanquished Creatures
  Joseph (D:8)
  A meliai (D:9)
  A troll (D:9)
  Grinder (D:6)
  A shadow (D:6)
  A wyvern (D:8)
  4 yaks (D:9)
  A vampire mosquito (D:9)
  Menkaure (D:5)
  An acid dragon (D:9)
  2 water moccasins
  An ice beast (D:6)
  3 orc warriors
  A black bear (D:3)
  2 ogres
  A centaur (D:6)
  3 kobold brigands
  3 bullfrogs
  2 necrophages (D:7)
  4 scorpions
  4 wights (D:8)
  6 killer bees (D:9)
  A howler monkey (D:6)
  6 jellies
  4 hounds
  2 orc priests
  An iguana (D:5)
  Ijyb (D:4)
  7 orc wizards
  7 gnolls
  A river rat (D:5)
  13 adders
  2 shadow imps
  2 white imps
  3 ufetubi
  2 worms (D:2)
  2 dart slugs
  37 orcs
  8 endoplasms
  4 giant cockroaches
  16 goblins
  4 hobgoblins
  14 jackals
  5 quokkas
  7 ball pythons
  5 bats
  6 frilled lizards
  12 kobolds
  8 rats
225 creatures vanquished.

Vanquished Creatures (others)
  9 withered plants (D:2)
9 creatures vanquished.

Grand Total: 234 creatures vanquished

Notes
Turn   | Place    | Note
-------+----------+-------------------------------------------
     0 | D:1      | wormed the Minotaur Berserker began the quest for the Orb.
     0 | D:1      | Reached XP level 1. HP: 19/19 MP: 0/0
   158 | D:1      | Reached XP level 2. HP: 23/27 MP: 1/1
   220 | D:1      | Reached skill level 4 in Axes
   334 | D:1      | Reached ** piety under Trog
   453 | D:1      | Reached XP level 3. HP: 27/33 MP: 2/2
  1542 | D:2      | Reached XP level 4. HP: 40/40 MP: 3/3
  1597 | D:2      | Found a faded altar of an unknown god.
  1712 | D:2      | Reached skill level 5 in Axes
  2190 | D:3      | You fall into a shaft and drop 2 floors!
  2190 | D:5      | Entered Level 5 of the Dungeon
  2198 | D:5      | Reached XP level 5. HP: 44/47 MP: 4/4
  2365 | D:4      | Noticed an ogre
  2379 | D:4      | Killed an ogre
  2380 | D:4      | Reached XP level 6. HP: 55/55 MP: 5/5
  2559 | D:4      | Reached skill level 5 in Fighting
  2559 | D:4      | Reached skill level 6 in Axes
  3011 | D:3      | Reached *** piety under Trog
  4050 | D:4      | Identified the +8 quarterstaff of Calamity {spect, rElec
                  | rCorr Str-3 Stlth-}
  4142 | D:4      | Found Icsuilet's Antique Armour Shoppe.
  4155 | D:4      | Bought a buckler for 112 gold pieces
  4281 | D:4      | Noticed Ijyb
  4287 | D:4      | Reached XP level 7. HP: 55/61 MP: 6/6
  4313 | D:4      | Killed Ijyb
  4521 | D:4      | Found a staircase to the Ecumenical Temple.
  4647 | D:4      | Reached **** piety under Trog
  5121 | D:5      | Reached skill level 7 in Axes
  5121 | D:5      | Reached skill level 1 in Shields
  5222 | D:5      | Noticed Menkaure
  5234 | D:5      | Killed Menkaure
  5235 | D:5      | Reached skill level 5 in Armour
  5292 | D:5      | Found an opulent altar of Gozag.
  5577 | D:6      | Noticed Grinder
  5603 | D:6      | Killed Grinder
  5604 | D:6      | Reached skill level 5 in Dodging
  5604 | D:6      | Reached XP level 8. HP: 31/70 MP: 7/7
  5776 | D:6      | Reached skill level 8 in Axes
  5882 | D:6      | HP: 5/106 [orc warrior/+0 halberd (7)]
  5885 | D:6      | Reached skill level 9 in Axes
  6167 | D:6      | Found a sparkling altar of Nemelex Xobeh.
  6224 | D:6      | Found a snail-covered altar of Cheibriados.
  6241 | D:6      | Reached XP level 9. HP: 38/79 MP: 8/8
  6497 | D:6      | Found an iron altar of Okawaru.
  6697 | D:7      | Found a hazy altar of Hepliaklqana.
  6699 | D:7      | Found a broken altar of Ashenzari.
  7100 | D:7      | Found a shimmering altar of Xom.
  7540 | D:8      | Reached ***** piety under Trog
  7643 | D:8      | Reached skill level 5 in Shields
  7644 | D:8      | Reached skill level 10 in Axes
  7650 | D:8      | Noticed Joseph
  7671 | D:8      | Killed Joseph
  8254 | D:9      | Noticed a troll
  8262 | D:9      | Killed a troll
  8263 | D:9      | Reached XP level 10. HP: 55/88 MP: 9/9
  8441 | D:9      | Reached skill level 11 in Axes
  8694 | D:9      | Noticed a centaur warrior
  8700 | D:9      | Killed from afar by an acid dragon

Illustrated notes

Levels and vault maps discovered:
D:1:      amcnicky_arrival_feature_with_door, layout_basic, minivault_5
D:2:      minmay_wonky_spiral, layout_loops_corners,
          ebering_ecumenical_altar_petrified, hex_tiny, chequers_garden
D:3:      layout_loops_ring, minivault_5
D:4:      kennysheep_the_goblin_king, layout_basic, minmay_temple_entry_slanted,
          serial_shops, nicolae_shop_crystal
D:5:      layout_basic, grunt_gozag_statues, portal_sewer_entry_b, uniq_menkaure
D:6:      cheibrodos_barr_body, layout_basic, lemuel_doored_altar,
          nemelex_spade_bored_becter, lemuel_round_altar,
          kennysheep_small_square, uniq_grinder
D:7:      layout_basic, mainiacjoe_overflow_tiny_flanked,
          mainiacjoe_overflow_large_starburst, enter_bailey_7,
          hangedman_decor_slide_cut
D:8:      layout_rooms, uniq_joseph
D:9:      minmay_bloctagon, layout_basic, kennysheep_mini_moat

Skill      XL: |  1  2  3  4  5  6  7  8  9 10 |
---------------+-------------------------------+-----
Axes           | 4 5 6 7 9 10 11 | 11.5
Fighting       | 4 5 6 7 8 |  8.6
Armour         | 3 4 5 6 7 8 |  8.1
Dodging        | 3 4 5 7 |  7.4
Shields        | 2 4 5 6 |  6.4

Action                   |  1- 3 |  4- 6 |  7- 9 | 10-12 || total
-------------------------+-------+-------+-------+-------++-------
Melee: Hand axe          |    90 |   150 |   334 |    93 ||   667
       Headbutt          |    14 |    19 |    73 |    17 ||   123
       Punch             |       |     1 |       |       ||     1
Invok: Berserk           |     2 |     1 |     4 |     1 ||     8
       Trog's Hand       |       |       |       |     1 ||     1
  Use: Scroll            |     2 |     7 |     8 |     3 ||    20
       Potion            |       |       |     1 |       ||     1
Armor: Animal skin       |    23 |    20 |       |       ||    43
       Plate armour      |       |    18 |   144 |    75 ||   237
Dodge: Dodged            |    49 |    91 |   114 |    37 ||   291
Block: Buckler           |       |     2 |    53 |    28 ||    83

Table legend: (Time is in decaauts)
 A = Elapsed time spent in this place.
 B = Non-inter-level travel time spent in this place.
 C = Inter-level travel time spent in this place.
 D = Time resting spent in this place.
 E = Time spent auto-exploring this place.
 F = Levels seen in this place.
 G = Mean time per level.
                   A        B        C        D        E       F      G
               +--------+--------+--------+--------+--------+-----+--------+
         Total |   8741 |   8237 |    504 |    577 |   6308 |   9 |  971.2 |
       Dungeon |   8741 |   8237 |    504 |    577 |   6308 |   9 |  971.2 |
               +--------+--------+--------+--------+--------+-----+--------+

Top non-repeatable levels by time:
     D:4: 1278 daAuts
     D:2: 1257 daAuts
     D:3: 1236 daAuts
     D:6: 1151 daAuts
     D:1: 1026 daAuts
     D:7: 821 daAuts
     D:5: 801 daAuts
     D:9: 634 daAuts
     D:8: 533 daAuts
